 Dungeon Crawl Stone Soup version 0.28.0-45-g0d030f2227 (webtiles) character file.

Game seed: 5420347830942245298

95 MalarOregon the Skirmisher (level 4, 0/37 HPs)
             Began as a Palentonga Fighter on Apr 19, 2022.
             Slain by Sigmund
             ... wielding a +0 scythe
              (11 damage)
             ... on level 2 of the Dungeon.
             The game lasted 00:02:43 (2153 turns).

MalarOregon the Skirmisher (Palentonga Fighter)     Turns: 2153, Time: 00:02:44

Health: 0/37       AC:  9    Str: 22    XL:     4   Next: 40%
Magic:  4/4        EV:  5    Int:  8    God:
Gold:   78         SH:  4    Dex:  9    Spells: 3/3 levels left

rFire   . . .      SeeInvis +   a - +0 war axe
rCold   . . .      Faith    .   c - +0 buckler
rNeg    . . .      Spirit   .   e - +0 chain mail
rPois   .          Reflect  .   (no helmet)
rElec   .          Harm     .   (no cloak)
rCorr   .          Rampage  .   l - +0 pair of gloves
Will    .....                   (no barding)
Stlth   ..........              (no amulet)
HPRegen 0.12/turn               (no ring)
MPRegen 0.09/turn               (no ring)

@: no status effects
A: large, rugged brown scales 3, see invisible, deformed body, roll 1, armoured
tail
a: Rolling Charge


You were on level 2 of the Dungeon.
You visited 1 branch of the dungeon, and saw 2 of its levels.

You collected 78 gold pieces.


Innate Abilities, Weirdness & Mutations

You are completely covered in rugged brown scales. (AC +3, +7% HP)
You have supernaturally acute eyesight. (SInv)
Armour fits poorly on your strangely shaped body.
You can roll at nearby foes to attack.
You have a long armoured tail.


   Skills:
 + Level 3.5 Fighting
 + Level 2.7 Axes
 + Level 2.9 Armour
 + Level 1.2 Dodging
 + Level 2.9 Shields


You had 3 spell levels left.
You didn't know any spells.
Your spell library was empty.

Inventory:

Hand Weapons
 a - a +0 war axe (weapon)
 n - a +1 dagger of holy wrath
   (You took it off a kobold on level 2 of the Dungeon)
Armour
 c - a +0 buckler (worn)
 e - a +0 chain mail (worn)
   (You found it on level 1 of the Dungeon)
 l - a +0 pair of gloves (worn)
   (You found it on level 1 of the Dungeon)
Scrolls
 b - a scroll of identify {@r1}
 f - a scroll of blinking
 h - 3 scrolls of vulnerability {unknown}
 i - 2 scrolls of teleportation {unknown}
 k - a scroll of summoning

Dungeon Overview and Level Annotations

Branches:
Dungeon (2/15)

Altars:
Ashenzari

Shops:
D:2 [

Annotations:
D:2 1 runed translucent door, Crazy Yiuf, Sigmund

#...# #......... ..
#..)# #....##... ...
##### #.)..##.##
.... #.........
....###
#######....##.##
.......##'##.......#
#
...................#
...................#
......@@...........#
............########
.......##...'..
....... #...### ###
....... #...# ...
####### #...# # .# #
.# #


You could see Sigmund.


Message History

You open the door.
Found a mace.
Crazy Yiuf shouts!
As you open the door, it creaks loudly!
You hear a shout! x2
A goblin comes into view. It is wielding a +0 dagger.
The goblin shouts!
There is an open door here.
A goblin is nearby!
Terence shouts!
The goblin hits you but does no damage.
You miss the goblin.
Your tail-slap misses the goblin.
A hobgoblin comes into view.
The goblin hits you but does no damage.
The hobgoblin shouts!
You slash Terence! You hit the goblin.
You kill the goblin!
You block Terence's attack.
A frilled lizard comes into view.
Terence hits you but does no damage.
You closely miss Terence.
The frilled lizard hisses angrily.
Terence hits you with a +0 hand axe.
You slash Terence!
You kill Terence!
Your Dodging skill increases to level 1!
The hobgoblin hits you but does no damage.
Things that are here:
a +0 dagger; a goblin corpse You slash the hobgoblin!
You kill the hobgoblin!
You have reached level 4!
You feel stronger.
You barely miss the frilled lizard. You block the frilled lizard's attack.
You slash the frilled lizard!
You kill the frilled lizard!
No target in view!
b - a scroll of identify {@r1}
Things that are here:
a +0 hand axe; a +0 scale mail You see here a frilled lizard corpse.
Jessica the Apprentice Sorceress comes into view.
She is wielding a +0 dagger.
Jessica shouts!
Jessica hits you with a +0 dagger.
You slash Jessica!
You kill Jessica!
No target in view!
No target in view!
Things that are here:
a +0 dagger; a +0 robe Sigmund shouts!
Sigmund is nearby!
Sigmund is nearby!
You feel very mighty all of a sudden.
Okay, then.
There's nothing you can charge at! There's nothing you can charge at!
There's nothing you can charge at!
It was a potion of cancellation.
Your magical effects are unravelling.
You feel magically purged.
You feel a little less mighty now.
Roll where?
Press: ? - help, Dir - move target, f - Sigmund
Aim: Sigmund, wielding a +0 scythe and wearing a +0 robe You roll forward with a clatter of scales!
You hit Sigmund. Sigmund hits you with a +0 scythe.
It was a potion of curing.
You feel better.
A bat comes into view.
Sigmund gestures at you while chanting. The puff of flame hits you.
It was a potion of heal wounds.
You feel much better. You block Sigmund's attack.
You barely miss Sigmund. You tail-slap Sigmund.
The bat hits you but does no damage.
Sigmund points at you and mumbles some strange words.
The magic dart hits you but does no damage.
You closely miss Sigmund. The bat barely misses you.
Sigmund hits you with a +0 scythe!
You closely miss Sigmund. The bat hits you but does no damage.
You block Sigmund's attack.
You closely miss Sigmund. You completely miss the bat.
The bat hits you but does no damage. You block the bat's attack.
Sigmund barely misses you.
You hit Sigmund but do no damage.
Your tail-slap misses Sigmund.
You closely miss the bat. The bat hits you but does no damage.
Sigmund casts a spell at you. The puff of flame hits you!
You barely miss Sigmund. You block the bat's attack.
You block Sigmund's attack.
You closely miss Sigmund. You miss the bat.
The bat hits you but does no damage. You block the bat's attack.
Sigmund hits you with a +0 scythe!
* * * LOW HITPOINT WARNING * * *
You closely miss Sigmund.
Your tail-slap misses Sigmund.
You hit the bat.
You kill the bat!
Sigmund hits you with a +0 scythe.
* * * LOW HITPOINT WARNING * * *
You completely miss Sigmund. Sigmund hits you but does no damage.
You hit Sigmund. Sigmund hits you with a +0 scythe!
You die...

Skill      XL: |  1  2  3 |
---------------+----------+-----
Dodging        | 1 |  1.2
Fighting       | |  3.5
Axes           | |  2.7
Armour         | |  2.9
Shields        | |  2.9

Action                   |  1- 3 |  4- 6 || total
-------------------------+-------+-------++-------
Melee: War axe           |    78 |    14 ||    92
       Tailslap          |     7 |     1 ||     8
 Abil: Rolling Charge    |       |     1 ||     1
  Use: Scroll            |     2 |       ||     2
       Potion            |       |     4 ||     4
Armor: Chain mail        |    48 |     7 ||    55
Dodge: Dodged            |    24 |     2 ||    26
Block: Buckler           |    19 |     7 ||    26

Levels and vault maps discovered:
D:1:      matt_arrival_refuge, layout_basic, chequers_ecumenical_altar_simple
D:2:      layout_basic, serial_shops, nicolae_shop_hallway_stairs, basic_altar,
          uniq_crazy_yiuf_cottage, uniq_terence, uniq_jessica, uniq_sigmund

Notes
Turn   | Place    | Note
-------+----------+-------------------------------------------
     0 | D:1      | MalarOregon the Palentonga Fighter began the quest for the
                  | Orb.
     0 | D:1      | Reached XP level 1. HP: 19/19 MP: 1/1
   446 | D:1      | Reached XP level 2. HP: 25/25 MP: 2/2
   974 | D:1      | Found a faded altar of an unknown god.
  1290 | D:2      | Noticed Terence
  1316 | D:2      | Noticed Sigmund
  1468 | D:2      | Found a broken altar of Ashenzari.
  1604 | D:2      | Reached XP level 3. HP: 18/31 MP: 3/3
  1803 | D:2      | Found Guegunn's Armour Boutique.
  2043 | D:2      | Found a runed translucent door.
  2044 | D:2      | Noticed Crazy Yiuf
  2081 | D:2      | Killed Terence
  2082 | D:2      | Reached skill level 1 in Dodging
  2084 | D:2      | Reached XP level 4. HP: 33/37 MP: 4/4
  2117 | D:2      | Noticed Jessica
  2121 | D:2      | Killed Jessica
  2153 | D:2      | Slain by Sigmund

Vanquished Creatures
  Jessica (D:2)
  Terence (D:2)
  An adder (D:2)
  A dart slug (D:1)
  4 ball pythons
  5 bats (D:2)
  An endoplasm (D:1)
  2 giant cockroaches
  5 hobgoblins
  2 kobolds (D:2)
  2 quokkas (D:1)
  3 frilled lizards
  4 goblins
  3 rats (D:2)
35 creatures vanquished.

Table legend:
 A = Non-vault XP
 B = Vault XP
 C = Vault XP percentage of total XP
 D = Non-vault monster count
 E = Vault monster count
 F = Vault count percentage of total count
                 A         B        C        D         E       F
            +---------+---------+-------+---------+---------+-------
      Total |      68 |      69 |  50.4 |      33 |       2 |   5.7
            +---------+---------+-------+---------+---------+-------
        D:1 |      27 |       0 |   0.0 |      14 |       0 |   0.0
        D:2 |      41 |      69 |  62.7 |      19 |       2 |   9.5
            +---------+---------+-------+---------+---------+-------

Illustrated notes

Table legend:
 A = Kills in this place as a percentage of kills in entire the game.
 B = Kills by you in this place as a percentage of kills by you in the entire game.
 C = Kills by friends in this place as a percentage of kills by friends in the entire game.
 D = Other kills in this place as a percentage of other kills in the entire game.
 E = Experience gained in this place as a percentage of experience gained in the entire game.
 F = Experience gained in this place divided by the number of levels of this place that you have seen.
                   A       B       C       D       E      F
               +-------+-------+-------+-------+-------+----------------------
         Total | 100.0 | 100.0 |   N/A |   N/A | 100.0 |  68.5
       Dungeon | 100.0 | 100.0 |   N/A |   N/A | 100.0 |  68.5
               +-------+-------+-------+-------+-------+----------------------

Table legend: (Time is in decaauts)
 A = Elapsed time spent in this place.
 B = Non-inter-level travel time spent in this place.
 C = Inter-level travel time spent in this place.
 D = Time resting spent in this place.
 E = Time spent auto-exploring this place.
 F = Levels seen in this place.
 G = Mean time per level.
                   A        B        C        D        E       F      G
               +--------+--------+--------+--------+--------+-----+--------+
         Total |   2192 |   2101 |     91 |    274 |   1525 |   2 | 1096.0 |
       Dungeon |   2192 |   2101 |     91 |    274 |   1525 |   2 | 1096.0 |
               +--------+--------+--------+--------+--------+-----+--------+

Top non-repeatable levels by time:
     D:1: 1453 daAuts
     D:2: 739 daAuts
